 Dungeon Sprint DCSS version 0.27-a0-1273-gec92ba881d (webtiles) character file.

Game seed: 10917503221352594254

39172 mhtbhm the Hoplite (level 14, -19/119 (131) HPs)
             Began as a Formicid Fighter on June 11, 2021.
             Was a High Priest of Trog.
             Killed from afar by a shadow dragon (26 damage)
             ... with a bolt of negative energy
             ... in the Dungeon (Sprint IX: "|||||||||||||||||||||||||||||").
             The game lasted 00:09:58 (5279 turns).

mhtbhm the Hoplite (Formicid Fighter)               Turns: 5279, Time: 00:09:59

HP:   -19/119 (131) AC: 29    Str: 26    XL:     14   Next: 38%
MP:   14/14         EV: 10    Int:  8    God:    Trog [*****.]
Gold: 358           SH: 25    Dex: 13    Spells: 13/13 levels left

rFire    . . .     SeeInvis +   a - +9 dire flail of Balance {vorpal, +Rage rPois}
rCold    + . .     Faith    .   c - +1 tower shield
rNeg     . . .     Spirit   .   b - +2 plate armour {rC+}
rPois    +         Reflect  .   (helmet unavailable)
rElec    .         Harm     .   p - +2 cloak {rPois}
rCorr    .         Rampage  .   k - +0 pair of gloves
Will     +....                  A - +1 pair of boots
Stlth    ..........             (no amulet)
HPRegen  0.29/turn              l - +2 ring of protection
MPRegen  0.14/turn              m - +3 ring of dexterity

@: drained
A: permanent stasis, dig shafts and tunnels, antennae 3, four strong arms
a: Dig, Renounce Religion, Trog's Hand, Brothers in Arms


You were in the Dungeon.
You worshipped Trog.
Trog was extremely pleased with you.
You visited 1 branch You collected 1935 gold pieces.
You spent 1577 gold pieces at shops.

Inventory:

Hand Weapons
 a - the +9 dire flail of Balance (weapon) {vorpal, +Rage rPois}
   (Trog gifted it to you in the Dungeon)

   It inflicts extra damage upon your enemies.
   It protects you from poison.
   It lets you go berserk.
 r - the +9 morningstar of Peril {holy, +Blink Str+4}
   (You found it in the Dungeon)

   It has been blessed by the Shining One to cause great damage to the undead
   and demons.
   It affects your strength (+4).
   It lets you blink.
Missiles
 i - 5 boomerangs of dispersal (quivered)
 j - 16 boomerangs
Armour
 b - a +2 plate armour of cold resistance (worn)
 c - a +1 tower shield (worn)
 k - a +0 pair of gloves (worn)
 p - a +2 cloak of poison resistance (worn)
 A - a +1 pair of boots (worn)
Jewellery
 l - a +2 ring of protection (left hand)
 m - a +3 ring of dexterity (right hand)
 w - a ring of protection from fire
 y - a ring of willpower
 z - a ring of protection from cold
Wands
 t - a wand of flame (17)
 v - a wand of paralysis (8)
Scrolls
 n - 4 scrolls of identify
 o - 2 scrolls of fog
 q - 2 scrolls of fear
 s - a scroll of immolation
 B - 2 scrolls of enchant armour
Potions
 d - 3 potions of might
 e - 7 potions of curing
 f - 2 potions of invisibility
 g - 4 potions of magic
 h - 8 potions of heal wounds
 u - a potion of ambrosia


   Skills:
 + Level 18.5 Fighting
 + Level 19.6 Maces & Flails
 + Level 2.3 Throwing
 + Level 16.8 Armour
 + Level 6.1 Dodging
 + Level 2.2 Stealth
 + Level 21.2 Shields
 + Level 5.5 Evocations


You had 13 spell levels left.
You didn't know any spells.
Your spell library was empty.

Dungeon Overview and Level Annotations

Branches:
Dungeon (1/1)

Altars:
Cheibriados
Dithmenos
Elyvilon
Fedhas
Gozag
Hepliaklqana
Kikubaaqudgha
Makhleb
Nemelex Xobeh
Okawaru
Qazlal
Ru
Sif Muna
Trog
Uskayaw
Vehumet
Wu Jian
Xom
Yredelemnul
Zin
The Shining One
Beogh
Jiyva
Lugonu

Shops:
D *![!


Innate Abilities, Weirdness & Mutations

You cannot be hasted, slowed, berserked, paralysed or teleported.
You can dig through walls and to a lower floor.
You have a pair of large antennae on your head. (SInv)
Your four strong arms can wield two-handed weapons with a shield.


Message History

Unknown command.
You barely miss the lich.
The lich is severely damaged.
The lich conjures a glowing orb.
You block the orb of destruction.
Unknown command.
You completely miss the lich.
The lich is severely damaged.
You block the lich's attack.
A great orb of eyes comes into view.
Unknown command.
Unknown command.
The great orb of eyes turns its gaze towards you.
You bludgeon the lich!!
You destroy the lich!
Trog accepts your kill.
Trog appreciates your killing of a magic user.
The torpor snail changes into a mana viper!
Your life force feels restored.
The tentacled monstrosity tentacle-slaps you but does no damage.
The tentacled monstrosity completely misses you.
You block the tentacled monstrosity's attack.
The tentacled monstrosity grabs you.
* * * LOW HITPOINT WARNING * * *
The tentacled monstrosity constricts you.
A frost giant comes into view.
It is wielding a +0 battleaxe of freezing.
You see here a +6 dagger.
You escape the tentacled monstrosity's grasp.
Items here: )) [ †.
The shadow dragon breathes negative energy at you.
The bolt of negative energy hits the tentacled monstrosity.
The tentacled monstrosity completely resists.
The bolt of negative energy hits you!!
You feel drained.
* * * LOW HITPOINT WARNING * * *
The mana viper changes into a jumping spider!
The shadow dragon breathes negative energy at you.
The bolt of negative energy hits the tentacled monstrosity.
The tentacled monstrosity completely resists.
The bolt of negative energy hits you!!
You feel drained.
You die...

{ ▓▓▓▓▓▓▓▓▓▓▓▓▓▓▓▓▓▓▓▓▓▓▓▓▓
{{ .C...Gs)DD.X.@..........▓
▓▓▓▓▓▓▓▓▓▓▓▓▓▓▓▓▓▓▓▓▓▓▓▓▓▓.▓
...........................▓
♣.▓▓▓▓▓▓▓▓▓▓▓▓▓▓▓▓▓▓▓▓▓▓▓▓▓▓
.'))..)....)...............▓
♣.▓▓▓▓▓▓▓▓▓▓▓▓▓▓▓▓▓▓▓▓▓▓▓▓{▓
...................{....{..▓
▓▓▓▓▓▓▓▓▓▓▓▓▓▓▓▓▓▓▓▓▓▓▓▓▓▓▓▓
[[[.)))))))).....'.........▓


You could see a shadow dragon (catching breath), a tentacled monstrosity, an ice
dragon and a jumping spider shaped shifter.

Vanquished Creatures
  Rupert (D)
  A lich (D)
  Kirke (D)
  A frost giant (D)
  A ghost moth (D)
  A stone giant (D)
  A very ugly thing (D)
  2 vampire knights (D)
  A bunyip (D)
  An ettin (D)
  A great orb of eyes (D)
  A boulder beetle (D)
  A hydra (D)
  A merfolk aquamancer (D)
  A centaur warrior (D)
  A two-headed ogre (D)
  A satyr (D)
  Erica (D)
  A shock serpent (D)
  A bog body (D)
  A naga ritualist (D)
  7 orc knights (D)
  A wolf spider (D)
  2 orb spiders (D)
  A deep elf pyromancer (D)
  2 ugly things (D)
  3 cyclopes (D)
  A manticore (D)
  A torpor snail (D)
  A water nymph (D)
  Maurice (D)
  A black mamba (shapeshifter) (D)
  2 black mambas (D)
  An elephant (D)
  6 cane toads (D)
  An efreet (D)
  A yaktaur (D)
  A tengu conjurer (D)
  2 demonic crawlers (D)
  A bloated husk (D)
  A meliai (D)
  3 tyrant leeches (D)
  4 blink frogs (D)
  A hornet (D)
  2 redbacks (D)
  A shadow (D)
  A tarantella (D)
  3 yaks (D)
  2 steam dragons (D)
  A vampire mosquito (D)
  14 orc warriors (D)
  2 wolves (D)
  5 bullfrogs (D)
  A gnoll sergeant (D)
  A hound (D)
  An orc priest (D)
  2 iguanas (D)
  3 orc wizards (D)
  2 adders (D)
  A dart slug (D)
  8 orcs (D)
  An endoplasm (D)
  A hobgoblin (D)
  A bat (D)
  A frilled lizard (D)
121 creatures vanquished.

Vanquished Creatures (collateral kills)
  A stone giant (D)
  A bunyip (D)
  An eleionoma (D)
  2 naga warriors (D)
  An alligator (D)
  A shock serpent (D)
  2 orc knights (D)
  A cyclops (D)
  2 black mambas (D)
  4 merfolk (D)
  A wind drake (D)
  Eustachio (D)
  3 orc warriors (D)
  An orc (D)
22 creatures vanquished.

Vanquished Creatures (others)
  An eleionoma (D)
  A bog body (D)
  A deep elf pyromancer (D)
  2 humans (D)
5 creatures vanquished.

Grand Total: 148 creatures vanquished

Notes
Turn   | Place    | Note
-------+----------+-------------------------------------------
     0 | D        | mhtbhm the Formicid Fighter began the quest for the Orb.
     0 | D        | Reached XP level 1. HP: 18/18 MP: 1/1
    13 | D        | Banished a spatial maelstrom
    16 | D        | Reached skill level 4 in Shields
    22 | D        | Reached XP level 2. HP: 18/25 MP: 2/2
   119 | D        | Reached skill level 5 in Fighting
   119 | D        | Reached skill level 5 in Shields
   119 | D        | Reached XP level 3. HP: 25/33 MP: 3/3
   120 | D        | Reached skill level 5 in Armour
   132 | D        | Reached skill level 6 in Shields
   132 | D        | Reached XP level 4. HP: 39/40 MP: 4/4
   146 | D        | Reached XP level 5. HP: 47/47 MP: 5/5
   152 | D        | Found a snail-covered altar of Cheibriados.
   152 | D        | Found a shadowy altar of Dithmenos.
   152 | D        | Found a white marble altar of Elyvilon.
   152 | D        | Found a blossoming altar of Fedhas.
   152 | D        | Found an opulent altar of Gozag.
   153 | D        | Found a hazy altar of Hepliaklqana.
   154 | D        | Found a viscous altar of Jiyva.
   155 | D        | Found an ancient bone altar of Kikubaaqudgha.
   156 | D        | Found a corrupted altar of Lugonu.
   157 | D        | Found a burning altar of Makhleb.
   158 | D        | Found a sparkling altar of Nemelex Xobeh.
   159 | D        | Found an iron altar of Okawaru.
   160 | D        | Found a stormy altar of Qazlal.
   161 | D        | Found a sacrificial altar of Ru.
   162 | D        | Found a shimmering blue altar of Sif Muna.
   163 | D        | Found a bloodstained altar of Trog.
   164 | D        | Found a hide-covered altar of Uskayaw.
   165 | D        | Found a radiant altar of Vehumet.
   166 | D        | Found an ornate altar of the Wu Jian Council.
   167 | D        | Found a shimmering altar of Xom.
   168 | D        | Found a basalt altar of Yredelemnul.
   169 | D        | Found a glowing silver altar of Zin.
   170 | D        | Found a glowing golden altar of the Shining One.
   171 | D        | Became a worshipper of Trog the Wrathful
   225 | D        | Noticed a steam dragon
   225 | D        | Noticed a yak
   225 | D        | Noticed a two-headed ogre
   225 | D        | Noticed a hornet
   225 | D        | Noticed a yak
   225 | D        | Noticed a shadow
   227 | D        | Killed a hornet
   228 | D        | Reached skill level 8 in Shields
   228 | D        | Reached XP level 6. HP: 57/57 MP: 6/6
   228 | D        | Killed a shadow
   229 | D        | Reached skill level 9 in Shields
   229 | D        | Reached XP level 7. HP: 64/64 MP: 7/7
   229 | D        | Killed a yak
   229 | D        | Reached * piety under Trog
   230 | D        | Reached skill level 10 in Shields
   230 | D        | Reached skill level 1 in Evocations
   233 | D        | Killed a two-headed ogre
   234 | D        | Reached skill level 10 in Fighting
   234 | D        | Reached skill level 11 in Shields
   234 | D        | Reached XP level 8. HP: 74/74 MP: 8/8
   247 | D        | Killed a yak
   257 | D        | Reached ** piety under Trog
   258 | D        | Reached XP level 9. HP: 40/81 MP: 9/9
   634 | D        | Noticed an efreet
   634 | D        | Noticed a manticore
   634 | D        | Noticed a centaur warrior
   634 | D        | Noticed a deep elf pyromancer
   634 | D        | Noticed a cyclops
   637 | D        | Killed a deep elf pyromancer
   638 | D        | Reached skill level 10 in Maces & Flails
   638 | D        | Reached skill level 10 in Armour
   638 | D        | Reached skill level 12 in Shields
   638 | D        | Killed a manticore
   638 | D        | Reached *** piety under Trog
   639 | D        | Killed a cyclops
   640 | D        | Reached skill level 13 in Shields
   640 | D        | Killed a centaur warrior
   641 | D        | Reached XP level 10. HP: 63/90 MP: 10/10
   646 | D        | Killed an efreet
   883 | D        | Noticed a six-headed hydra
   883 | D        | Noticed a cane toad
   888 | D        | Noticed a cane toad
   892 | D        | Noticed a cane toad
   900 | D        | Killed a cane toad
   900 | D        | Reached **** piety under Trog
   901 | D        | Killed a six-headed hydra
   901 | D        | Reached ***** piety under Trog
   902 | D        | Reached skill level 14 in Shields
   939 | D        | HP: 3/92 [blink frog (8)]
  1279 | D        | Killed a cane toad
  1279 | D        | Received a gift from Trog
  1285 | D        | Killed a cane toad
  1286 | D        | Reached XP level 11. HP: 80/98 MP: 11/11
  1296 | D        | Reached skill level 1 in Throwing
  1367 | D        | Noticed an elephant
  1382 | D        | Reached skill level 5 in Dodging
  1395 | D        | Received a gift from Trog
  1436 | D        | Killed an elephant
  1437 | D        | Reached skill level 15 in Shields
  1562 | D        | Reached skill level 1 in Stealth
  1852 | D        | Reached ****** piety under Trog
  2302 | D        | Noticed an orc knight
  2308 | D        | Received a gift from Trog
  2334 | D        | Killed an orc knight
  2349 | D        | Received a gift from Trog
  2360 | D        | Reached skill level 16 in Shields
  2592 | D        | Noticed an orc knight
  2596 | D        | Received a gift from Trog
  2599 | D        | Noticed an orc knight
  2608 | D        | Killed an orc knight
  2615 | D        | Killed an orc knight
  2971 | D        | Found Cama's Distillery.
  2971 | D        | Noticed an orc knight
  2971 | D        | Noticed an orc knight
  2971 | D        | Noticed an orc knight
  2979 | D        | Killed an orc knight
  2986 | D        | Killed an orc knight
  2986 | D        | Received a gift from Trog
  2987 | D        | Reached XP level 12. HP: 97/108 MP: 4/12
  2997 | D        | Reached skill level 15 in Maces & Flails
  3000 | D        | Reached skill level 15 in Fighting
  3017 | D        | Received a gift from Trog
  3018 | D        | Found Pona's Antique Armour Shop.
  3098 | D        | Found Fouxolum's Distillery.
  3102 | D        | Found Itikhorr's Assorted Antiques.
  3166 | D        | Bought a shiny plate armour for 728 gold pieces
  3173 | D        | Bought a potion of curing for 39 gold pieces
  3173 | D        | Bought a potion of heal wounds for 65 gold pieces
  3173 | D        | Bought a potion of might for 52 gold pieces
  3175 | D        | Bought a potion of heal wounds for 110 gold pieces
  3175 | D        | Bought a scroll labelled PULOUDECSA for 22 gold pieces
  3175 | D        | Bought a scroll of identify for 44 gold pieces
  3175 | D        | Bought a gold wand for 88 gold pieces
  3183 | D        | Bought a potion of heal wounds for 55 gold pieces
  3183 | D        | Bought a potion of curing for 33 gold pieces
  3183 | D        | Bought a potion of invisibility for 88 gold pieces
  3183 | D        | Bought a potion of heal wounds for 55 gold pieces
  3183 | D        | Bought a potion of ambrosia for 88 gold pieces
  3189 | D        | Bought a scroll of identify for 44 gold pieces
  3189 | D        | Bought a potion of curing for 66 gold pieces
  3239 | D        | Noticed Erica
  3246 | D        | Killed Erica
  3246 | D        | Received a gift from Trog
  3323 | D        | Noticed Maurice
  3333 | D        | Killed Maurice
  3383 | D        | Got the +9 morningstar of Peril {holy, +Blink Str+4}
  3392 | D        | Got the +0 hat of Bavugo {Int+5}
  3448 | D        | Noticed a boulder beetle
  3460 | D        | Reached skill level 17 in Shields
  3466 | D        | Killed a boulder beetle
  3490 | D        | Noticed a cyan very ugly thing
  3492 | D        | Noticed a great orb of eyes
  3497 | D        | Received a gift from Trog
  3511 | D        | Killed a brown very ugly thing
  3512 | D        | Noticed a vampire knight
  3516 | D        | Noticed a stone giant
  3521 | D        | Noticed a stone giant
  3525 | D        | Killed a great orb of eyes
  3526 | D        | Reached XP level 13. HP: 57/119 MP: 13/13
  3536 | D        | Killed a stone giant
  3539 | D        | Killed a vampire knight
  3540 | D        | Reached skill level 18 in Shields
  3544 | D        | Killed a stone giant
  3945 | D        | Noticed a ghost moth
  3947 | D        | Received a gift from Trog
  3960 | D        | Killed a ghost moth
  3980 | D        | Received a gift from Trog
  4075 | D        | Noticed a bunyip
  4075 | D        | Noticed an eleionoma
  4075 | D        | Noticed a bunyip
  4103 | D        | Killed a bunyip
  4104 | D        | Reached skill level 19 in Shields
  4104 | D        | Noticed an eleionoma
  4107 | D        | Received a gift from Trog
  4107 | D        | Killed an eleionoma
  4111 | D        | Killed a bunyip
  4112 | D        | Reached skill level 15 in Armour
  4112 | D        | Noticed Eustachio
  4116 | D        | Killed an eleionoma
  4122 | D        | Killed Eustachio
  4122 | D        | Received a gift from Trog
  4135 | D        | Noticed Kirke
  4144 | D        | Killed Kirke
  4145 | D        | Reached skill level 5 in Evocations
  4424 | D        | Noticed a naga warrior
  4425 | D        | Noticed a naga warrior
  4452 | D        | Killed a naga warrior
  4455 | D        | Identified the +9 dire flail of Balance {vorpal, +Rage
                  | rPois} (Trog gifted it to you in the Dungeon)
  4455 | D        | Received a gift from Trog
  4457 | D        | Killed a naga warrior
  4459 | D        | Reached skill level 20 in Shields
  4678 | D        | Received a gift from Trog
  4679 | D        | Reached XP level 14. HP: 59/129 MP: 14/14
  4697 | D        | Received a gift from Trog
  5008 | D        | Noticed Rupert
  5029 | D        | Killed Rupert
  5233 | D        | Noticed a lich
  5233 | D        | Noticed a frost giant
  5233 | D        | Noticed a vampire knight
  5246 | D        | Killed a vampire knight
  5246 | D        | Received a gift from Trog
  5247 | D        | Noticed a tentacled monstrosity
  5256 | D        | Noticed a shadow dragon
  5262 | D        | Killed a frost giant
  5263 | D        | Reached skill level 21 in Shields
  5272 | D        | Killed a lich
  5273 | D        | Noticed a frost giant
  5275 | D        | HP: 6/125 [shadow dragon/bolt of negative energy (24)]
  5279 | D        | Killed from afar by a shadow dragon

Illustrated notes

Levels and vault maps discovered:
D:        linesprint [early_d, line_temple, items_1, d_10, items_2, lair_1,
          lair_end, items_3, orc_1, orc_end, items_4, d_15, swamp_1, shoals_1,
          snake_1, spider_1, d_20, vaults_1, items_5, swamp_end, shoals_end,
          snake_end, spider_end, vaults_end, d_27, items_6, zot_1, zot_end,
          crypt_end, forest_end, elf_end, slime_end, tomb_end, abyss_end,
          pan_hell_end]

Skill      XL: |  1  2  3  4  5  6  7  8  9 10 11 12 13 14 |
---------------+-------------------------------------------+-----
Shields        | 4 5 6 8 9 11 13 14 16 17 20 21 | 21.2
Fighting       | 4 5 6 8 9 10 11 12 13 14 16 17 18 | 18.5
Maces & Flails | 3 4 6 8 9 11 12 14 17 19 | 19.6
Armour         | 4 5 7 8 9 11 12 13 14 15 16 | 16.8
Dodging        | 2 3 4 5 6 |  6.1
Evocations     | 1 2 4 5 |  5.5
Throwing       | 1 2 |  2.3
Stealth        | 2 |  2.2

Action                   |  1- 3 |  4- 6 |  7- 9 | 10-12 | 13-15 || total
-------------------------+-------+-------+-------+-------+-------++-------
Melee: Flail             |    36 |    15 |    30 |    53 |       ||   134
       Mace              |       |       |       |   228 |       ||   228
       Great mace        |       |       |       |   100 |       ||   100
       Dire flail        |       |       |       |    75 |   156 ||   231
Throw: Boomerang         |       |       |       |     4 |     2 ||     6
Invok: Brothers in Arms  |       |       |       |     1 |     7 ||     8
Evoke: Wand              |       |     2 |     3 |     3 |     3 ||    11
  Use: Potion            |     1 |       |       |     2 |     7 ||    10
       Scroll            |       |       |       |       |     1 ||     1
Armor: Scale mail        |    16 |     9 |       |       |       ||    25
       Plate armour      |       |       |     9 |    93 |    30 ||   132
Dodge: Dodged            |     6 |     4 |     7 |    52 |    21 ||    90
Block: Kite shield       |    17 |     6 |    12 |   178 |       ||   213
       Tower shield      |       |       |       |    37 |   102 ||   139

Table legend: (Time is in decaauts)
 A = Elapsed time spent in this place.
 B = Non-inter-level travel time spent in this place.
 C = Inter-level travel time spent in this place.
 D = Time resting spent in this place.
 E = Time spent auto-exploring this place.
 F = Levels seen in this place.
 G = Mean time per level.
                   A        B        C        D        E       F      G
               +--------+--------+--------+--------+--------+-----+--------+
         Total |   5118 |   5118 |      0 |   3041 |    620 |   1 | 5118.0 |
       Dungeon |   5118 |   5118 |      0 |   3041 |    620 |   1 | 5118.0 |
               +--------+--------+--------+--------+--------+-----+--------+

Top non-repeatable levels by time:
       D: 5118 daAuts
